 Dungeon Crawl Stone Soup version 0.24-a0-160-gfa3a8d6 (webtiles) character file.

Game seed: 0

667751 Ijustatesigmund the Slayer (level 27, -1/190 HPs)
             Began as a Gargoyle Fighter on Mar 4, 2019.
             Was the Champion of Okawaru.
             Killed by divine providence
             ... invoked by a greater mummy
              (9 damage)
             ... on level 1 of the Tomb of the Ancients on Mar 5, 2019.
             The game lasted 03:24:27 (62024 turns).

Ijustatesigmund the Slayer (Gargoyle Fighter)      Turns: 62024, Time: 03:24:28

Health: -1/190     AC: 58    Str: 32    XL:     27
Magic:  28/33      EV: 38    Int: 10    God:    Okawaru [******]
Gold:   4164       SH: 31    Dex: 25    Spells: 17/26 levels left

rFire    + + +     SeeInvis +   M - +9 demon whip (flame)
rCold    + . .     Gourm    .   s - +1 large shield {reflect}
rNeg     + + +     Faith    .   a - +8 fire dragon scales
rPois    ∞         Spirit   .   A - +2 hat of the Dropbear {*Contam Str+7 Dex+3 SInv}
rElec    +         Reflect  +   Q - +4 cloak of Good Intentions {rPois rF+ Str+2}
rCorr    .         Harm     .   v - +0 pair of gloves of Entitlement {*Corrode Dex+4 Slay+5 SInv}
MR       +....     Clarity  +   D - +2 pair of boots {run}
Stlth    ++++......             K - +4 amulet of reflection
HPRegen  0.41/turn              c - ring of Qemuxzao {rC+ Str+2 Slay+5}
MPRegen  0.23/turn              F - ring "Fuwusae" {rC+ rN++ MR- EV+5 Slay+2}

@: heroism, finesse, marked, very slightly contaminated, hasted, studying
Summonings, very quick
A: big wings, clarity, deterioration 1, dopey 1, low mp 1, negative energy
resistance 1, electricity resistance, unbreathing, petrification resistance, rot
immunity, subdued magic 1, AC +20
}: 3/15 runes: serpentine, barnacled, silver
a: Fly, Heroism, Finesse, Renounce Religion


You were on level 1 of the Tomb of the Ancients.
You worshipped Okawaru.
Okawaru was exalted by your worship.
You were not hungry.

You visited 10 branches of the dungeon, and saw 48 of its levels.
You visited the Abyss 2 times.
You visited 1 ziggurat, and saw 13 of its levels.
You also visited: Ossuary, Bailey and Ice Cave.

You collected 7186 gold pieces.
You spent 3022 gold pieces at shops.

Inventory:

Hand Weapons
 J - a +9 vampiric eveningstar
 M - a +9 demon whip of flaming (weapon)
Missiles
 g - 5 javelins of penetration
 l - 17 silver javelins (quivered)
Armour
 a - +8 fire dragon scales (worn)
 s - a +1 large shield of reflection (worn)
 v - the +0 pair of gloves of Entitlement (worn) {*Corrode Dex+4 Slay+5 SInv}
   (You acquired it on level 4 of the Vaults)

   It affects your dexterity (+4).
   It affects your accuracy and damage with ranged weapons and melee attacks
   (+5).
   It lets you see invisible.
   It may corrode you when you take damage.
 A - the +2 hat of the Dropbear (worn) {*Contam Str+7 Dex+3 SInv}
   (You found it on level 1 of the Depths)

   It affects your strength (+7).
   It affects your dexterity (+3).
   It lets you see invisible.
   It causes magical contamination when unequipped.
 D - a +2 pair of boots of running (worn)
 Q - the +4 cloak of Good Intentions (worn) {rPois rF+ Str+2}
   (You found it on level 2 of a ziggurat)

   It affects your strength (+2).
   It protects you from fire.
   It protects you from poison.
Jewellery
 c - the ring of Qemuxzao (left hand) {rC+ Str+2 Slay+5}
   (You found it on level 9 of a ziggurat)

   [ring of protection from cold]

   It affects your strength (+2).
   It affects your accuracy and damage with ranged weapons and melee attacks
   (+5).
   It protects you from cold.
 p - an uncursed ring of resist corrosion
 B - the amulet of Wuthoza {Reflect rElec Dex+2 SH+5, unknown}
   (You found it on level 3 of the Crypt)

   [amulet of reflection]

   It shields you and reflects attacks.
   It affects your dexterity (+2).
   It insulates you from electricity.
   It affects your SH (+5).
 E - an uncursed ring of protection from cold
 F - the ring "Fuwusae" (right hand) {rC+ rN++ MR- EV+5 Slay+2}
   (You took it off a deep elf mage on level 3 of the Elven Halls)

   [ring of evasion]

   It affects your evasion (+5).
   It affects your accuracy and damage with ranged weapons and melee attacks
   (+2).
   It protects you from cold.
   It greatly protects you from negative energy.
   It affects your resistance to hostile enchantments.
 K - a +4 amulet of reflection (around neck)
 S - the ring "Ziufeosm" {*Corrode +Inv rF+ Dex+9 Slay+3}
   (You found it on level 6 of the Lair of Beasts)

   [ring of slaying]

   It affects your dexterity (+9).
   It affects your accuracy and damage with ranged weapons and melee attacks
   (+3).
   It protects you from fire.
   It lets you turn invisible.
   It may corrode you when you take damage.
 V - the ring of the Salmon {rF+ rN+ Int+4 Dex+3}
   (You took it off Boris on level 3 of the Crypt)

   [ring of positive energy]

   It affects your intelligence (+4).
   It affects your dexterity (+3).
   It protects you from fire.
   It protects you from negative energy.
 X - the ring "Ofithriun" {Str+6 Int-5 SInv Stlth+, unknown}
   (You found it on level 3 of the Crypt)

   [ring of stealth]

   It affects your strength (+6).
   It affects your intelligence (-5).
   It lets you see invisible.
   It makes you more stealthy.
Wands
 h - a wand of digging (16)
 o - a wand of polymorph (7)
 r - a wand of acid (54)
 u - a wand of random effects (19)
 G - a wand of iceblast (26)
 O - a wand of clouds (1)
Scrolls
 e - 20 scrolls of teleportation
 j - 7 scrolls of immolation
 m - 25 scrolls of remove curse
 n - 5 scrolls of fear
 w - a scroll of blinking
 y - 2 scrolls of silence
 C - 6 scrolls of fog
 P - 4 scrolls of magic mapping
 W - a scroll of summoning
 Z - 3 scrolls of amnesia
Potions
 i - 12 potions of curing
 k - 9 potions of magic
 q - 10 potions of brilliance
 t - 6 potions of haste
 z - 3 potions of cancellation
 H - 3 potions of ambrosia
 N - 8 potions of might
 R - 3 potions of invisibility
 T - 7 potions of mutation
 U - 2 potions of berserk rage
 Y - 3 potions of agility
Books
 I - a manual of Summonings
Miscellaneous
 d - 4 phantom mirrors
Comestibles
 f - 64 rations


   Skills:
 - Level 24.2(27) Fighting
 - Level 20.7(25.7) Maces & Flails
 - Level 15.3(20.3) Throwing
 - Level 16.0(21.0) Armour
 - Level 20.4(25.4) Dodging
 - Level 5.8(10.8) Stealth
 - Level 15.4(20.4) Shields
 + Level 10.6 Charms
 + Level 8.9 Necromancy
 - Level 7.7 Translocations
 - Level 5.0 Air Magic
 - Level 19.4 Invocations
 - Level 8.3 Evocations


You had 17 spell levels left.
You knew the following spells:

 Your Spells              Type           Power        Failure   Level  Hunger
a - Song of Slaying       Chrm           ###.....     1%          2    ###....
b - Swiftness             Chrm/Air       ##......     5%          2    ###....
c - Regeneration          Chrm/Necr      ###.......   4%          3    ####...
d - Blink                 Tloc           N/A          5%          2    ###....

Your spell library contained the following spells:

 Spells                   Type           Power        Failure   Level  Hunger
 Animate Skeleton         Necr           N/A          1%          1    ##.....
 Infusion                 Chrm           ###.         1%          1    ##.....
 Pain                     Necr           ##..         1%          1    ##.....
 Shroud of Golubria       Chrm/Tloc      ##........   2%          2    ###....
 Vampiric Draining        Necr           ##........   7%          3    ####...
 Gell's Gravitas          Tloc           ##........   12%         3    ####...
 Animate Dead             Necr           N/A          24%         4    #####..
 Shock                    Conj/Air       #...         32%         1    ##.....
 Ozocubu's Armour         Chrm/Ice       #.......     32%         3    ####...
 Spectral Weapon          Hex/Chrm       #.......     32%         3    ####...
 Passage of Golubria      Tloc           N/A          38%         4    #####..
 Poisonous Vapours        Pois/Air       #.....       47%         2    ###....
 Portal Projectile        Hex/Tloc       #.....       52%         3    ####...
 Recall                   Summ/Tloc      N/A          52%         3    ####...
 Beastly Appendage        Tmut           #.....       69%         1    ##.....
 Confusing Touch          Hex            #.....       69%         1    ##.....
 Corona                   Hex            #......      69%         1    ##.....
 Flame Tongue             Conj/Fire      #....        69%         1    ##.....
 Freeze                   Ice            #...         69%         1    ##.....
 Magic Dart               Conj           #...         69%         1    ##.....
 Sting                    Conj/Pois      #...         69%         1    ##.....
 Summon Small Mammal      Summ           #...         69%         1    ##.....
 Call Imp                 Summ           #.......     83%         2    ###....
 Ensorcelled Hibernation  Hex/Ice        #.....       83%         2    ###....
 Passwall                 Tmut/Erth      #.......     83%         2    ###....
 Searing Ray              Conj           #.....       83%         2    ###....
 Slow                     Hex            #.......     83%         2    ###....
 Sticks to Snakes         Tmut           #.......     83%         2    ###....
 Throw Flame              Conj/Fire      #.....       83%         2    ###....
 Throw Frost              Conj/Ice       #.....       83%         2    ###....
 Mephitic Cloud           Conj/Pois/Air  #.......     83%         3    ####...
 Force Lance              Conj/Tloc      #.......     90%         4    #####..
 Call Canine Familiar     Summ           #.......     96%         3    ####...
 Confuse                  Hex            #.......     96%         3    ####...
 Conjure Flame            Conj/Fire      #.......     96%         3    ####...
 Dazzling Spray           Conj/Hex       #.....       96%         3    ####...
 Inner Flame              Hex/Fire       #.......     96%         3    ####...
 Spider Form              Tmut/Pois      #.........   96%         3    ####...
 Stone Arrow              Conj/Erth      #.....       96%         3    ####...
 Summon Guardian Golem    Hex/Summ       #.......     96%         3    ####...
 Tukima's Dance           Hex            #.......     96%         3    ####...
 Iskenderun's Battlesphe  Conj/Chrm      #.......     97%         5    ######.
 Summon Lightning Spire   Summ/Air       #.......     98%         4    #####..
 Deflect Missiles         Chrm/Air       ##........   99%         6    #######
 Cause Fear               Hex            #.........   100%        4    #####..
 Fulminant Prism          Conj/Hex       #.........   100%        4    #####..
 Ice Form                 Ice/Tmut       #.......     100%        4    #####..
 Iskenderun's Mystic Bla  Conj           #.......     100%        4    #####..
 Leda's Liquefaction      Hex/Erth       #.........   100%        4    #####..
 Olgreb's Toxic Radiance  Pois           #.......     100%        4    #####..
 Petrify                  Tmut/Erth      #.......     100%        4    #####..
 Sticky Flame             Conj/Fire      #.......     100%        4    #####..
 Summon Ice Beast         Ice/Summ       #.......     100%        4    #####..
 Throw Icicle             Conj/Ice       #.......     100%        4    #####..
 Blade Hands              Tmut           #.........   100%        5    ######.
 Bolt of Magma            Conj/Fire/Erth #.........   100%        5    ######.
 Fireball                 Conj/Fire      #.........   100%        5    ######.
 Lee's Rapid Deconstruct  Erth           #.........   100%        5    ######.
 Metabolic Englaciation   Hex/Ice        #.........   100%        5    ######.
 Silence                  Hex/Air        #.........   100%        5    ######.
 Venom Bolt               Conj/Pois      #.........   100%        5    ######.
 Yara's Violent Unravell  Hex/Tmut       #.........   100%        5    ######.
 Bolt of Fire             Conj/Fire      #.........   100%        6    #######
 Darkness                 Hex            #.........   100%        6    #######
 Dispersal                Tloc           ##........   100%        6    #######
 Invisibility             Hex            #.......     100%        6    #######
 Iron Shot                Conj/Erth      #.........   100%        6    #######
 Dragon Form              Tmut           #.........   100%        7    #######
 Malign Gateway           Summ/Tloc      #.........   100%        7    #######
 Orb of Destruction       Conj           #.........   100%        7    #######
 Spellforged Servitor     Conj/Summ      #.........   100%        7    #######
 Controlled Blink         Tloc           N/A          100%        8    #######
 Discord                  Hex            #.........   100%        8    #######
 Disjunction              Tloc           ##........   100%        8    #######
 Dragon's Call            Summ           #.........   100%        9    #######


Dungeon Overview and Level Annotations

Branches:
Dungeon (15/15)            Temple (0/1) D:7            Lair (6/6) D:11
 Shoals (4/4) Lair:2        Snake (4/4) Lair:2        Slime (0/5) Lair:5
    Orc (2/2) D:9             Elf (3/3) Orc:2        Vaults (5/5) D:14
  Crypt (3/3) Vaults:2       Tomb (1/3) Crypt:3      Depths (5/5) D:15
    Zot (0/5) Depths:5

Altars:
Cheibriados
Dithmenos
Gozag
Hepliaklqana
Kikubaaqudgha
Makhleb
Nemelex Xobeh
Okawaru
Qazlal
Ru
Uskayaw
Wu Jian
Yredelemnul
Zin

Shops:
D:5 *   D:9 [   D:13 %   D:14 %   Orc:2 =[*(   Snake:4 (}   Vaults:4 ===}=
Depths:4 *

Portals:
Hell: Depths:1 Depths:2 Depths:3 Depths:4 Depths:5
Abyss: Depths:1 Depths:2 Depths:4
Pandemonium: Depths:2 Depths:3

Annotations:
Lair:2 exclusion: 2 oklob plants


Innate Abilities, Weirdness & Mutations

You are resistant to torment.
Your stone body is resilient. (AC +20)
You are immune to poison.
Your large and strong wings let you fly indefinitely.
You resist negative energy. (rN+)
You are resistant to electric shocks. (rElec)
You can survive without breathing.
You are immune to petrification.
You are immune to rotting.
You possess an exceptional clarity of mind.
Your body sometimes deteriorates upon taking damage.
You are dopey. (Int -2)
Your magical capacity is low. (-10% MP)
Your spells are a little easier to cast, but a little less powerful.


Message History

Blink to where?
Press: ? - help, Dir - move target cursor, p - greater mummy You are very lightly contaminated with residual magic.
As you read the scroll of blinking, it crumbles to dust.
The wolf spider simulacrum is engulfed in blazing flames.
The greater mummy points at you and mumbles some strange words.
Something smites you!
* * * LOW HITPOINT WARNING * * *
The greater mummy is engulfed in blazing flames.
The shadow wraith is engulfed in blazing flames.
You block the red devil's attack.
The greater mummy is engulfed in blazing flames.
Blink to where?
Press: ? - help, Dir - move target cursor
As you read the scroll of blinking, it crumbles to dust.
A greater mummy comes into view.
The mummy is engulfed in blazing flames.
The greater mummy points at you and mumbles some strange words.
Something smites you!
You die...

................................†
.................................
.................................
......................8...8......
.................................
...##################.......#####
...#*****############.8...8.#****
...#*,,,,..........##.......#*,,,
...#*,,,,...M...@..##.......#*,,,
...#*,,**########..##.8...8.#*,,*
...#*,,*,,,,,,,,#..##.......#*,,*
...#*,,*,,,,,,,,#MM##.......#*,,*
...#*,,*,,****,,#4.##.8...8.#*,,*
...#*,,*,,*>,*,,#s.##.......#*,,*
...#*,,#,,**,,,,#M§##.......#*,,*
...#*,,#.W#######§4##.8...8.#*,,*
...#*,,#.MM.sVssMWZ##.......#*,,,


You could see 3 greater mummies, an emperor scorpion, an ice devil, a red devil
and a mummy.

Vanquished Creatures
  A pandemonium lord (Zig:13)
  A juggernaut (Depths:2)
  5 ancient liches
  5 greater mummies (Tomb:1)
  Boris (twice) (Crypt:2 Crypt:3)
  A curse toe (Crypt:3)
  6 caustic shrikes
  3 golden dragons
  Nikola (Elf:1)
  The ghost of kal9871 the Impaler, an adept FoFi of Makhleb (Depths:5)
  A bone dragon (Crypt:3)
  A Brimstone Fiend (Zig:13)
  2 Tzitzimimeh (Zig:5)
  4 tentacled monstrosities
  An Ice Fiend (Zig:13)
  A Hell Sentinel (Zig:13)
  9 liches
  7 titans
  4 deep elf blademasters
  Asterion (Vaults:1)
  2 deep elf master archers (Elf:3)
  4 acid blobs
  The ghost of Soixudog the Severer, an adept NaFi of Cheibriados (Snake:3)
  10 sphinxes
  2 Executioners
  2 krakens
  2 quicksilver dragons
  2 tentacled starspawn
  10 ancient champions
  4 storm dragons
  Gastronok (Orc:1)
  6 tengu reavers
  Kirke (Elf:1)
  Polyphemus (Shoals:4)
  5 shadow dragons
  The ghost of Jaofaitz the Tortoise, an adept FoAK of Lugonu (Depths:1)
  2 revenants
  8 nagarajas
  2 azure jellies (Zig:12)
  A corrupter (Zig:13)
  13 fire giants
  2 draconian knights
  A cacodemon (Abyss:5)
  3 deep elf sorcerers (Elf:3)
  5 iron dragons
  9 frost giants
  3 orc warlords
  A balrug (Zig:13)
  16 vault wardens
  A draconian scorcher (Zig:6)
  Aizul (Snake:4)
  2 curse skulls
  2 draconian annihilators
  A warmonger (Zig:13)
  An angel (Depths:5)
  11 ghouls
  A draconian shifter (Depths:5)
  16 ironheart preservers
  6 deep elf elementalists
  A spriggan defender (Depths:3)
  A draconian stormcaller (Zig:6)
  19 very ugly things
  2 entropy weavers
  19 stone giants
  20 starcursed masses
  A green draconian (Zig:6)
  A black draconian (Depths:5)
  A yellow draconian (Depths:5)
  2 blood saints (Zig:13)
  7 deep elf demonologists
  8 vampire knights
  The ghost of DEFE the Destroyer, a journeyman TeAr of Ashenzari (Lair:6)
  12 deep elf annihilators
  Azrael (Elf:2)
  A black sun (Zig:13)
  A white draconian (IceCv)
  2 purple draconians
  A red draconian (Depths:5)
  2 lorocyprocas (Zig:13)
  6 spark wasps
  Snorg (D:12)
  9 deep elf death magi
  19 ettins
  9 merfolk javelineers
  4 merfolk impalers
  A blizzard demon (Abyss:5)
  9 mummy priests (Tomb:1)
  3 death oozes
  3 eidola
  2 green deaths (Zig:13)
  5 great orbs of eyes
  13 jiangshi
  18 yaktaur captains
  10 fire dragons
  11 ogre magi
  Fannar (Lair:1)
  2 deep elf high priests (Elf:3)
  5 hydras
  2 rakshasas (Depths:1)
  28 vault guards
  Psyche (D:11)
  3 spriggan air magi
  11 ice dragons
  A catoblepas (Shoals:4)
  A quicksilver dragon skeleton (Crypt:3)
  A hell beast (Depths:3)
  10 naga warriors
  9 centaur warriors
  4 satyrs
  7 merfolk aquamancers
  7 merfolk avatars
  An alligator snapping turtle (Shoals:4)
  8 death knights
  34 two-headed ogres
  27 dancing weapons
  5 death yaks
  9 tengu warriors
  4 spriggan berserkers
  2 two-headed ogres (shapeshifter)
  9 anacondas
  15 deep troll earth magi
  19 death scarabs (Tomb:1)
  8 deep troll shamans
  7 thrashing horrors
  A shock serpent (shapeshifter) (Depths:2)
  15 naga sharpshooters
  2 sun demons
  6 orc high priests
  Sonja (D:12)
  13 soul eaters
  Nergalle (D:12)
  7 shock serpents
  6 vampire magi
  A storm dragon zombie (Vaults:3)
  A fire crab (shapeshifter) (Vaults:1)
  23 deep elf knights
  A wretched star (Abyss:3)
  A golden dragon zombie (Crypt:3)
  4 shadow wraiths
  2 salamander mystics
  9 iron trolls
  A spatial maelstrom (Abyss:3)
  5 unseen horrors
  2 sixfirhies
  29 skeletal warriors
  7 small abominations
  10 sea snakes
  An entropy weaver zombie (Crypt:3)
  A glowing orange brain (shapeshifter) (Depths:2)
  7 naga ritualists
  47 deep trolls
  6 flayed ghosts
  A storm dragon skeleton (Crypt:1)
  3 glowing orange brains
  23 deep elf archers
  2 unseen horrors (shapeshifter)
  An infernal demonspawn (Zig:13)
  A lindwurm (shapeshifter) (Vaults:5)
  4 wizards
  A harpy (shapeshifter) (D:13)
  A sphinx zombie (Crypt:3)
  An obsidian statue (Snake:3)
  A golden dragon skeleton (Crypt:1)
  2 wolf spiders
  5 phantasmal warriors
  13 ironbrand convokers
  8 large abominations
  4 necromancers
  13 harpies
  An anaconda skeleton (Crypt:3)
  An orb spider (Abyss:5)
  An iron dragon zombie (Crypt:3)
  13 orc knights
  4 orc sorcerers
  8 manticores
  36 ugly things
  7 mana vipers
  19 fauns
  A tengu skeleton (Vaults:3)
  12 cyclopes
  76 deep elf magi
  20 salamanders
  Joseph (Lair:1)
  A shining eye (Abyss:5)
  8 elephants (Lair:6)
  2 worldbinders (Abyss:5)
  3 moths of wrath (Depths:1)
  A shock serpent zombie (Crypt:1)
  A frost giant skeleton (Crypt:3)
  4 smoke demons
  11 merfolk sirens
  2 dire elephant zombies
  2 black mambas (shapeshifter)
  2 eyes of devastation (Zig:12)
  An apocalypse crab (Abyss:3)
  15 vault sentinels
  40 black mambas
  6 water nymphs
  An ice statue (IceCv)
  21 naga magi
  A torpor snail (Lair:4)
  3 guardian serpents
  4 orange demons
  A spiny frog (shapeshifter) (Vaults:3)
  2 gargoyles
  A dire elephant skeleton (Crypt:2)
  82 yaktaurs
  6 rime drakes
  8 spiny frogs
  6 centaur skeletons
  2 yaktaur zombies
  An efreet (D:15)
  12 komodo dragons
  An ice devil (Depths:3)
  A hellion (Abyss:5)
  A demonic crawler (Abyss:3)
  A kobold demonologist (D:8)
  A grey draconian zombie (Crypt:3)
  7 freezing wraiths
  An alligator snapping turtle skeleton (Crypt:3)
  An entropy weaver simulacrum (Vaults:1)
  A jumping spider (Vaults:2)
  6 hellwings
  3 tengu conjurers
  8 guardian mummies (Tomb:1)
  4 wind drakes
  4 red devils
  A queen bee (shapeshifter) (Elf:1)
  52 merfolk
  3 meliai (D:13)
  7 trolls
  An ancient zyme (Abyss:3)
  26 polar bears
  5 hornets
  2 spectral guardian serpents (Crypt:2)
  A polar bear (shapeshifter) (Depths:2)
  Grinder (D:6)
  19 blink frogs
  A hippogriff (shapeshifter) (Depths:2)
  5 bog bodies (Crypt:1)
  An alligator zombie (Crypt:3)
  15 dream sheep
  2 meliai zombies
  12 hippogriffs
  28 slime creatures
  8 snapping turtles
  A spriggan (Lair:6)
  12 flying skulls
  13 water elementals
  7 air elementals
  A vampire (Depths:4)
  A shapeshifter (Vaults:4)
  A spriggan (shapeshifter) (D:14)
  A guardian serpent skeleton (Crypt:3)
  18 shadows
  4 hogs (Elf:1)
  8 wyverns
  2 hungry ghosts
  3 redbacks
  44 yaks
  A steam dragon (D:11)
  11 wraiths
  10 fire elementals
  A human (D:9)
  A hog (shapeshifter) (Depths:1)
  2 neqoxecs (Abyss:3)
  5 basilisks
  A chaos spawn (Abyss:3)
  A vampire mosquito (D:14)
  Edmund (D:5)
  31 nagas
  3 spatial vortices (Abyss:3)
  3 wargs
  A swamp worm (shapeshifter) (Depths:3)
  A deep troll zombie (Vaults:4)
  An infernal demonspawn zombie (Crypt:1)
  A torturous demonspawn zombie (Crypt:2)
  14 water moccasins
  Duvessa (D:5)
  3 acid dragons
  5 hell hounds
  10 porcupines
  A spiny frog zombie (Crypt:3)
  3 sky beasts
  2 phantoms
  2 black bears
  An ettin simulacrum (Vaults:1)
  15 ice beasts
  2 black bears (shapeshifter)
  An eye of draining (shapeshifter) (Vaults:1)
  59 orc warriors
  3 eyes of draining
  31 ogres
  4 boggarts
  30 centaurs
  A swamp dragon zombie (Crypt:1)
  A black mamba simulacrum (Crypt:3)
  6 necrophages
  18 crocodiles
  18 wolves
  A crocodile (shapeshifter) (Depths:3)
  2 big kobolds
  18 bullfrogs
  3 gnoll sergeants (D:10)
  A wyvern zombie (D:14)
  5 earth elementals
  Dowan (D:5)
  8 scorpions (Ossuary)
  A cyclops skeleton (Crypt:2)
  A wyvern skeleton (D:14)
  An elf simulacrum (Vaults:3)
  A queen bee zombie (Crypt:2)
  2 human simulacra
  A howler monkey (D:6)
  15 wights
  A troll skeleton (Crypt:2)
  4 electric eels
  18 crimson imps
  5 centaur zombies
  13 jellies
  3 bullfrog zombies
  4 human zombies
  2 bullfrog skeletons
  21 orc wizards
  12 orc priests
  6 hounds
  3 iron imps (D:3)
  4 iguanas
  13 worker ants
  An acid dragon zombie (Crypt:1)
  A big kobold zombie (Ossuary)
  A centaur simulacrum (D:3)
  A demigod skeleton (Crypt:1)
  2 hound skeletons (D:10)
  22 mummies
  14 adders
  11 gnolls
  6 scorpion zombies (Ossuary)
  2 howler monkey skeletons
  A hound simulacrum (D:3)
  8 shadow imps
  3 white imps
  A howler monkey simulacrum (D:10)
  A worker ant simulacrum (D:3)
  3 ufetubi
  3 oozes
  4 worms
  An adder skeleton (D:5)
  3 dart slugs
  An adder simulacrum (D:3)
  2 leopard geckos
  110 orcs
  A bat zombie (D:3)
  8 giant cockroaches
  9 goblins
  9 hobgoblins
  15 jackals
  13 kobolds
  4 quokkas
  A ball python (D:4)
  4 bats
  5 frilled lizards
  A frilled lizard zombie (Crypt:3)
  A giant cockroach simulacrum (D:3)
  2 gnoll zombies (Ossuary)
  2 goblin zombies
  A hobgoblin zombie (D:5)
  A jackal skeleton (D:6)
  3 kobold zombies (Ossuary)
  A leopard gecko zombie (D:5)
  An orc skeleton (Crypt:2)
  An orc zombie (Ossuary)
  A quokka zombie (D:5)
  4 rats (D:3)
  A rat zombie (D:3)
  A plant (Lair:6)
  A starspawn tentacle (Abyss:3)
  4 tentacles (Shoals:4)
2549 creatures vanquished.

Vanquished Creatures (collateral kills)
  Erolcha (D:11)
  A great orb of eyes (Zig:11)
  3 slime creatures (Zig:11)
  A shadow (D:11)
  An orc (D:11)
7 creatures vanquished.

Vanquished Creatures (others)
  A tentacled monstrosity (Depths:2)
  2 deep elf master archers
  A stone giant (Vaults:5)
  4 yaktaur captains
  A satyr (Zig:7)
  A vampire mage (Crypt:1)
  A naga sharpshooter (Zig:7)
  5 yaktaurs
  A jumping spider (shapeshifter) (Vaults:1)
  The ghost of Calas the Slasher, an amateur MiMo (D:3)
  A small abomination (Abyss:5)
  An ogre (Vaults:4)
  A boggart (Depths:1)
  An electric eel (Elf:2)
  An orc wizard (D:12)
  3 orcs
  16 fungi
  2 lurking horrors (Abyss:3)
  19 plants
  A starspawn tentacle (Abyss:3)
  7 tentacles
71 creatures vanquished.

Grand Total: 2627 creatures vanquished

Notes
Turn   | Place    | Note
-------+----------+-------------------------------------------
     0 | D:1      | Ijustatesigmund the Gargoyle Fighter began the quest for
                  | the Orb.
     0 | D:1      | Reached XP level 1. HP: 14/14 MP: 1/1
   335 | D:1      | Reached XP level 2. HP: 18/19 MP: 2/2
   765 | D:2      | Reached XP level 3. HP: 24/24 MP: 3/3
   801 | D:2      | Reached skill level 4 in Fighting
   964 | D:2      | Found a hide-covered altar of Uskayaw.
  1007 | D:2      | Found an ornate altar of the Wu Jian Council.
  1041 | D:2      | Reached XP level 4. HP: 27/30 MP: 4/4
  1519 | D:3      | Reached XP level 5. HP: 32/34 MP: 5/5
  1527 | D:3      | Reached skill level 5 in Fighting
  1695 | D:3      | Found a shadowy altar of Dithmenos.
  1808 | D:3      | Found a runed translucent gate.
  1808 | D:3      | Found a runed translucent gate.
  1808 | D:3      | Found a runed translucent gate.
  2167 | D:3      | Found an ancient bone altar of Kikubaaqudgha.
  2283 | D:3      | Found a burning altar of Makhleb.
  2299 | D:3      | Reached XP level 6. HP: 29/40 MP: 6/6
  2404 | D:3      | Noticed Calas's ghost (amateur MiMo)
  2441 | D:4      | Got a glittering bronze ring
  2442 | D:4      | Identified the ring of Guwkoc {Wiz rPois} (You found it on
                  | level 4 of the Dungeon)
  2480 | D:4      | Reached skill level 6 in Fighting
  2508 | D:4      | Reached skill level 5 in Maces & Flails
  2632 | D:4      | Reached XP level 7. HP: 24/47 MP: 7/7
  2920 | D:4      | Found a sacrificial altar of Ru.
  2991 | D:4      | Found a stormy altar of Qazlal.
  3201 | D:5      | Entered Level 5 of the Dungeon
  3320 | D:5      | Reached skill level 7 in Fighting
  3410 | D:5      | Reached XP level 8. HP: 33/53 MP: 8/8
  3541 | D:5      | Found a sand-covered staircase.
  3550 | Ossuary  | Entered an ossuary
  3634 | Ossuary  | Found the ring of Phasing {EV+8}
  4109 | Ossuary  | Reached skill level 5 in Shields
  4120 | Ossuary  | Reached skill level 5 in Armour
  4456 | D:5      | Reached skill level 8 in Fighting
  4617 | D:5      | Noticed Duvessa
  4618 | D:5      | Noticed Dowan
  4675 | D:6      | Reached XP level 9. HP: 47/59 MP: 9/9
  5121 | D:5      | You fall through a shaft for 2 floors!
  5121 | D:7      | Found a staircase to the Ecumenical Temple.
  5354 | D:5      | Reached skill level 9 in Fighting
  5539 | D:5      | Killed Duvessa
  5547 | D:5      | Killed Dowan
  5598 | D:5      | Found Wieluip's Assorted Antiques.
  5600 | D:5      | Noticed Edmund
  5628 | D:5      | Killed Edmund
  5632 | D:5      | Reached XP level 10. HP: 57/66 MP: 10/10
  5654 | D:5      | Bought a glowing onyx ring for 140 gold pieces
  5867 | D:3      | Killed Calas's ghost
  6130 | D:6      | Noticed Grinder
  6134 | D:6      | Paralysed by Grinder for 6 turns
  6146 | D:6      | Killed Grinder
  6272 | D:6      | Found a basalt altar of Yredelemnul.
  6608 | D:7      | Found a sparkling altar of Nemelex Xobeh.
  7090 | D:8      | Noticed a two-headed ogre
  7114 | D:8      | Killed a two-headed ogre
  7144 | D:8      | Reached skill level 10 in Fighting
  7488 | D:8      | Found an iron altar of Okawaru.
  7495 | D:8      | Became a worshipper of Warmaster Okawaru
  7570 | D:8      | Noticed a kobold demonologist
  7575 | D:8      | Noticed a smoke demon
  7583 | D:8      | Killed a kobold demonologist
  7583 | D:8      | Reached skill level 1 in Dodging
  7583 | D:8      | Reached skill level 1 in Invocations
  7881 | D:8      | Found a snail-covered altar of Cheibriados.
  8278 | D:8      | Found a glowing silver altar of Zin.
  8279 | D:8      | Found an opulent altar of Gozag.
  8495 | D:9      | Noticed a two-headed ogre
  8509 | D:9      | Killed a two-headed ogre
  8509 | D:9      | Reached * piety under Okawaru
  8509 | D:9      | Reached XP level 11. HP: 60/72 MP: 11/13
  8523 | D:9      | Noticed a two-headed ogre
  8536 | D:9      | Killed a two-headed ogre
  8558 | D:9      | Reached ** piety under Okawaru
  8821 | D:9      | Found a staircase to the Orcish Mines.
  9020 | D:9      | Reached skill level 5 in Invocations
  9128 | D:9      | Found Uterywn's Antique Armour Shoppe.
  9146 | D:9      | Found a hazy altar of Hepliaklqana.
  9400 | D:10     | Entered Level 10 of the Dungeon
  9500 | D:10     | Reached skill level 1 in Evocations
  9568 | D:10     | Reached *** piety under Okawaru
 10779 | D:10     | Reached **** piety under Okawaru
 11002 | D:11     | Noticed a cyclops
 11012 | D:11     | Killed a cyclops
 11044 | D:11     | Found a flagged portal.
 11053 | Bailey   | Entered a bailey
 11366 | Bailey   | Reached XP level 12. HP: 71/79 MP: 17/17
 11790 | D:11     | Noticed Psyche
 11803 | D:11     | Noticed Erolcha
 11816 | D:11     | Killed Erolcha
 11816 | D:11     | Reached ***** piety under Okawaru
 11816 | D:11     | Reached skill level 11 in Fighting
 12313 | D:11     | Paralysed by Psyche for 7 turns
 12325 | D:11     | Killed Psyche
 12325 | D:11     | Reached skill level 10 in Maces & Flails
 12962 | D:11     | Found a staircase to the Lair.
 13215 | D:12     | Noticed Sonja
 13301 | D:12     | Killed Sonja
 13301 | D:12     | Reached skill level 12 in Fighting
 13817 | D:12     | Noticed Snorg
 13861 | D:12     | Killed Snorg
 13861 | D:12     | Received a gift from Okawaru
 14087 | D:12     | Gained mutation: You are dopey. (Int -2) [potion of
                  | mutation]
 14087 | D:12     | Gained mutation: You possess an exceptional clarity of
                  | mind. [potion of mutation]
 14088 | D:12     | Identified a scroll of acquirement
 14098 | D:12     | Identified a +0 pair of boots of running (You acquired it
                  | on level 12 of the Dungeon)
 14255 | D:12     | Noticed an eight-headed hydra
 14267 | D:12     | Killed an eight-headed hydra
 14267 | D:12     | Reached skill level 13 in Fighting
 14392 | D:12     | Noticed Nergalle
 14404 | D:12     | Killed Nergalle
 14644 | D:13     | Reached ****** piety under Okawaru
 14691 | D:13     | Found Plog's Food Emporium.
 14695 | D:13     | Noticed a centaur warrior
 14704 | D:13     | Killed a centaur warrior
 14704 | D:13     | Reached skill level 10 in Invocations
 14711 | D:13     | Reached XP level 13. HP: 77/88 MP: 20/20
 14808 | D:13     | Received a gift from Okawaru
 14808 | D:13     | Reached skill level 14 in Fighting
 15425 | Lair:1   | Entered Level 1 of the Lair of Beasts
 15520 | Lair:1   | Noticed Fannar
 15532 | Lair:1   | Killed Fannar
 15586 | Lair:1   | Reached skill level 15 in Fighting
 15657 | Lair:1   | Noticed Joseph
 15667 | Lair:1   | Killed Joseph
 16122 | Lair:2   | Found a frozen archway.
 16158 | IceCv    | Entered an ice cave
 16234 | IceCv    | Reached skill level 10 in Shields
 16326 | IceCv    | Reached skill level 16 in Fighting
 16344 | IceCv    | Received a gift from Okawaru
 16592 | IceCv    | Gained mutation: Your large and strong wings let you fly
                  | indefinitely. [Gargoyle growth]
 16592 | IceCv    | Reached XP level 14. HP: 86/100 MP: 21/21
 16636 | IceCv    | Noticed a white draconian
 16656 | IceCv    | Killed a white draconian
 16656 | IceCv    | Reached skill level 17 in Fighting
 17301 | Lair:2   | Found a staircase to the Snake Pit.
 17392 | Lair:2   | Found a staircase to the Shoals.
 17402 | Lair:2   | Received a gift from Okawaru
 17671 | Lair:3   | Reached skill level 18 in Fighting
 18585 | Lair:4   | Found a hazy altar of Hepliaklqana.
 18697 | Lair:4   | Got a distressingly furry ring mail
 18733 | Lair:3   | Identified the +4 ring mail "Roseal" {MR+ Str+4 Dex+4} (You
                  | found it on level 4 of the Lair of Beasts)
 19235 | Lair:5   | Found a staircase to the Slime Pits.
 19845 | Lair:6   | Entered Level 6 of the Lair of Beasts
 19869 | Lair:6   | Reached skill level 19 in Fighting
 20006 | Lair:6   | Received a gift from Okawaru
 20090 | Lair:6   | Reached XP level 15. HP: 47/112 MP: 22/22
 20404 | Lair:6   | Got a shimmering turquoise ring
 20406 | Lair:6   | Identified the ring "Ziufeosm" {*Corrode +Inv rF+ Dex+9
                  | Slay+3} (You found it on level 6 of the Lair of Beasts)
 20441 | Lair:6   | Reached skill level 20 in Fighting
 20824 | Lair:6   | Found a runed translucent door.
 20826 | Lair:6   | Noticed DEFE's ghost (journeyman TeAr)
 20829 | Lair:6   | Identified the cursed +1 trident of Woe {pierce, rPois rN+
                  | Stlth-}
 20840 | Lair:6   | Killed DEFE's ghost
 20870 | Lair:6   | Got a shimmering bone ring
 20876 | Lair:6   | Identified the ring of Dininuxa {Str+4 SInv} (You found it
                  | on level 6 of the Lair of Beasts)
 21430 | Orc:1    | Entered Level 1 of the Orcish Mines
 21448 | Orc:1    | Noticed an orc warlord
 21473 | Orc:1    | Killed an orc warlord
 21483 | Orc:1    | Received a gift from Okawaru
 21841 | Orc:1    | Noticed Gastronok
 21848 | Orc:1    | You fall through a shaft!
 21848 | Orc:2    | Entered Level 2 of the Orcish Mines
 21848 | Orc:2    | Found Conil's Antique Weapon Shoppe.
 21848 | Orc:2    | Found Daytrif's General Store.
 21871 | Orc:2    | Paralysed by an orc sorcerer for 4 turns
 22202 | Orc:1    | Killed Gastronok
 22818 | Orc:1    | Reached skill level 15 in Shields
 23081 | Orc:2    | Received a gift from Okawaru
 23111 | Orc:2    | Noticed an orc warlord
 23148 | Orc:2    | Killed an orc warlord
 23256 | Orc:2    | Reached skill level 21 in Fighting
 23281 | Orc:2    | Found Coruqefa's Antique Armour Emporium.
 23309 | Orc:2    | Got a fine ring mail {god gift}
 23320 | Orc:2    | Identified the +5 ring mail of Melancholy {-Cast rElec
                  | Dex+4} (Okawaru gifted it to you on level 2 of the Orcish
                  | Mines)
 23448 | Orc:2    | Found Xicir's Jewellery Shop.
 23577 | Orc:2    | Found a staircase to the Elven Halls.
 23807 | Orc:2    | Bought the amulet "Viakenyt" {Spirit +Blink} for 572 gold
                  | pieces
 24070 | D:14     | Reached XP level 16. HP: 121/121 MP: 23/23
 24631 | D:14     | Found a gate to the Vaults.
 24800 | D:14     | Reached skill level 5 in Evocations
 24845 | D:14     | Found Hefatz's Food Shoppe.
 25125 | D:15     | Entered Level 15 of the Dungeon
 25242 | D:15     | Found a staircase to the Depths.
 25252 | D:15     | Received a gift from Okawaru
 25312 | D:15     | Got a brightly glowing bronze amulet
 25344 | D:15     | Identified the amulet of Caetownuu {Acrobat +Inv} (You
                  | found it on level 15 of the Dungeon)
 26414 | Shoals:1 | Entered Level 1 of the Shoals
 26433 | Shoals:1 | Noticed a kraken
 26464 | Shoals:1 | Killed a kraken
 26517 | Shoals:1 | Received a gift from Okawaru
 27461 | Shoals:2 | Reached XP level 17. HP: 112/126 MP: 24/24
 27999 | Shoals:3 | Reached skill level 1 in Stealth
 28429 | Shoals:3 | Received a gift from Okawaru
 28826 | Shoals:4 | Entered Level 4 of the Shoals
 28912 | Shoals:4 | Received a gift from Okawaru
 29185 | Shoals:4 | Reached skill level 5 in Stealth
 29191 | Shoals:4 | Reached skill level 10 in Armour
 29503 | Shoals:4 | Noticed a kraken
 29525 | Shoals:4 | Killed a kraken
 29676 | Shoals:4 | Identified the +12 long sword of Wounding {holy, -Tele
                  | *Corrode +Inv rN+++}
 29927 | Shoals:4 | Got a barnacled rune of Zot
 29966 | Shoals:4 | Noticed Polyphemus
 29987 | Shoals:4 | Killed Polyphemus
 29987 | Shoals:4 | Received a gift from Okawaru
 29987 | Shoals:4 | Reached XP level 18. HP: 99/132 MP: 20/27
 30263 | Snake:1  | Entered Level 1 of the Snake Pit
 31506 | Snake:3  | Reached skill level 15 in Maces & Flails
 31552 | Snake:3  | Found a runed translucent gate.
 31552 | Snake:3  | Found a runed translucent gate.
 31552 | Snake:3  | Found a runed translucent gate.
 31553 | Snake:3  | Found an opulent altar of Gozag.
 31553 | Snake:3  | Noticed Soixudog's ghost (adept NaFi)
 31718 | Snake:3  | Received a gift from Okawaru
 32077 | Snake:3  | Received a gift from Okawaru
 32098 | Snake:3  | Killed Soixudog's ghost
 32176 | Snake:4  | Entered Level 4 of the Snake Pit
 32356 | Snake:4  | Found Zuaf's Weapon Shop.
 32362 | Snake:4  | Found Zioss's Gadget Boutique.
 32368 | Snake:4  | Bought a wand of digging (4) for 240 gold pieces
 32470 | Snake:4  | Noticed Aizul
 32482 | Snake:4  | Killed Aizul
 32624 | Snake:4  | Reached XP level 19. HP: 95/137 MP: 22/29
 33065 | Snake:4  | Received a gift from Okawaru
 33448 | Snake:4  | Got a serpentine rune of Zot
 34073 | Vaults:1 | Entered Level 1 of the Vaults
 34503 | Vaults:1 | Noticed Asterion
 34516 | Vaults:1 | Killed Asterion
 34516 | Vaults:1 | Received a gift from Okawaru
 34519 | Vaults:1 | Got a dazzling eveningstar {god gift}
 34522 | Vaults:1 | Identified the +1 eveningstar "Nosiuf" {freeze, rC++ Str+4}
                  | (Okawaru gifted it to you on level 1 of the Vaults)
 35108 | Vaults:1 | Reached skill level 5 in Dodging
 35805 | Vaults:2 | Received a gift from Okawaru
 35832 | Vaults:2 | Identified the +8 mace "Lucs" {crush, MR+ Str+4} (Okawaru
                  | gifted it to you on level 2 of the Vaults)
 35986 | Vaults:2 | Reached XP level 20. HP: 144/144 MP: 30/30
 36036 | Vaults:2 | Found a staircase to the Crypt.
 36036 | Vaults:2 | Found an ancient bone altar of Kikubaaqudgha.
 36037 | Vaults:2 | Found a basalt altar of Yredelemnul.
 36806 | Vaults:2 | Received a gift from Okawaru
 38079 | Vaults:3 | Received a gift from Okawaru
 38169 | Vaults:3 | Reached skill level 22 in Fighting
 39172 | Vaults:3 | Reached XP level 21. HP: 136/152 MP: 29/31
 39300 | Vaults:3 | Identified the +1 hat of the Republic {rC+} (You acquired
                  | it on level 3 of the Vaults)
 39648 | Vaults:4 | Reached skill level 15 in Armour
 39712 | Vaults:4 | Received a gift from Okawaru
 39713 | Vaults:4 | Found the +27 Lear's hauberk
 39844 | Vaults:4 | Upgraded the game from 0.24-a0-140-gcaa6c10 to
                  | 0.24-a0-160-gfa3a8d6
 40344 | Vaults:4 | Found Rich's Jewellery Shop.
 40378 | Vaults:4 | Bought a +3 amulet of reflection for 251 gold pieces
 40378 | Vaults:4 | Bought a +5 ring of slaying for 1819 gold pieces
 40443 | Vaults:4 | Found Siraefoh's Gadget Boutique.
 40451 | Vaults:4 | Found Lamoas's Jewellery Emporium.
 40550 | Vaults:4 | Found Gotutteu's Jewellery Shop.
 40943 | Vaults:4 | Found Zesahung's Jewellery Shop.
 41162 | Depths:1 | Entered Level 1 of the Depths
 41194 | Depths:1 | Found a one-way gate to the infinite horrors of the Abyss.
 41208 | Depths:1 | Received a gift from Okawaru
 41208 | Depths:1 | Reached skill level 1 in Throwing
 41744 | Depths:1 | Reached XP level 22. HP: 85/158 MP: 32/32
 42490 | Depths:1 | Reached skill level 5 in Throwing
 42636 | Depths:1 | Found a gateway to Hell.
 42822 | Depths:1 | Noticed a caustic shrike
 42860 | Depths:1 | Found a transporter.
 42875 | Depths:1 | Noticed Jaofaitz's ghost (adept FoAK)
 42899 | Depths:1 | Killed a caustic shrike
 42950 | Depths:1 | Killed Jaofaitz's ghost
 42988 | Depths:1 | Found a transporter.
 43040 | Depths:1 | Got a bound turquoise ring
 43244 | Depths:1 | Identified the ring of Taipuz {rPois rN+ MR++ Str-4 Int+3}
                  | (You found it on level 1 of the Depths)
 43246 | Depths:1 | Identified the +2 hat of the Dropbear {*Contam Str+7 Dex+3
                  | SInv} (You found it on level 1 of the Depths)
 43573 | Depths:2 | Noticed a juggernaut
 43587 | Depths:2 | Received a gift from Okawaru
 43603 | Depths:2 | Killed a juggernaut
 43812 | Elf:1    | Entered Level 1 of the Elven Halls
 44161 | Elf:1    | Noticed Kirke
 44177 | Elf:1    | Killed Kirke
 44179 | Elf:1    | Noticed Nikola
 44201 | Elf:1    | Killed Nikola
 44666 | Elf:1    | Reached skill level 10 in Dodging
 44683 | Elf:1    | Identified the Disquisition on Confrontation
 45623 | Elf:2    | Received a gift from Okawaru
 45639 | Elf:2    | Identified the +0 helmet "Nam Ohe" {MP+9 Stlth+} (Okawaru
                  | gifted it to you on level 2 of the Elven Halls)
 45702 | Elf:2    | Found a huge runed translucent gate.
 45702 | Elf:2    | Found a huge runed translucent gate.
 45702 | Elf:2    | Found a huge runed translucent gate.
 45702 | Elf:2    | Found a huge runed translucent gate.
 45702 | Elf:2    | Found a huge runed translucent gate.
 46054 | Elf:2    | Noticed Azrael
 46079 | Elf:2    | Killed Azrael
 46079 | Elf:2    | Reached XP level 23. HP: 122/163 MP: 33/33
 46308 | Elf:3    | Entered Level 3 of the Elven Halls
 47416 | Elf:3    | Identified the +1 scale mail "Plog" {rC++ rCorr}
 47453 | Elf:3    | Received a gift from Okawaru
 47482 | Elf:3    | Identified the cursed +3 falchion of Hard Scrabble
                  | {protect, rF+}
 47482 | Elf:3    | Identified the ring "Fuwusae" {rC+ rN++ MR- EV+5 Slay+2}
 47510 | Elf:3    | Identified the ring "Ikkimpyq" {+Fly rPois Str+3 Dex+3}
 47809 | Elf:3    | Received a gift from Okawaru
 47867 | Elf:3    | Found the +10 dark maul {crush}
 47871 | Elf:3    | Found the +12 Vampire's Tooth {vamp}
 48642 | Depths:2 | Identified the +1 plate armour "Kidipt" {*Slow rPois rF++
                  | MP+9} (You found it on level 2 of the Depths)
 48980 | Depths:2 | Reached skill level 15 in Dodging
 49806 | Depths:2 | Found a one-way gate leading to the halls of Pandemonium.
 50198 | Depths:3 | Reached skill level 10 in Throwing
 50267 | Depths:3 | Reached XP level 24. HP: 148/169 MP: 33/33
 50583 | Depths:3 | Received a gift from Okawaru
 51030 | Depths:4 | Learned a level 2 spell: Song of Slaying
 51080 | Depths:4 | Reached skill level 1 in Charms
 51121 | Depths:4 | Identified the Handbook of Transmigration and the Birds
 51602 | Depths:4 | Found Ylotyn's Blood Bar.
 52051 | Depths:5 | Entered Level 5 of the Depths
 52053 | Depths:5 | Noticed a caustic shrike
 52059 | Depths:5 | Noticed a caustic shrike
 52061 | Depths:5 | Noticed a caustic shrike
 52070 | Depths:5 | Killed a caustic shrike
 52087 | Depths:5 | Killed a caustic shrike
 52095 | Depths:5 | Killed a caustic shrike
 52102 | Depths:5 | Received a gift from Okawaru
 52344 | Depths:5 | Noticed a caustic shrike
 52346 | Depths:5 | Noticed a caustic shrike
 52353 | Depths:5 | Killed a caustic shrike
 52369 | Depths:5 | Killed a caustic shrike
 52369 | Depths:5 | Received a gift from Okawaru
 52509 | Depths:5 | Reached skill level 5 in Charms
 52545 | Depths:5 | Received a gift from Okawaru
 52588 | Depths:5 | Identified the +8 demon trident "Acarinebane" {vamp, MR+}
 52595 | Depths:5 | Received a gift from Okawaru
 52616 | Depths:5 | Reached XP level 25. HP: 136/175 MP: 28/33
 52703 | Depths:5 | Reached skill level 15 in Throwing
 52720 | Depths:5 | Found a gateway to a ziggurat.
 52774 | Depths:5 | Found a runed translucent door.
 52777 | Depths:5 | Noticed kal9871's ghost (adept FoFi)
 52923 | Zig:1    | Entered Level 1 of a ziggurat
 52969 | Zig:2    | Entered Level 2 of a ziggurat
 52996 | Zig:2    | Identified the +4 cloak of Good Intentions {rPois rF+
                  | Str+2} (You found it on level 2 of a ziggurat)
 53024 | Zig:3    | Entered Level 3 of a ziggurat
 53069 | Zig:4    | Entered Level 4 of a ziggurat
 53124 | Zig:5    | Entered Level 5 of a ziggurat
 53385 | Zig:6    | Entered Level 6 of a ziggurat
 53442 | Zig:6    | Identified the ring of Circularity {rElec rPois rC+ Dex-4
                  | SInv} (You found it on level 6 of a ziggurat)
 53455 | Zig:7    | Entered Level 7 of a ziggurat
 53489 | Zig:7    | Identified the amulet "Tokotue" {Gourm rF- Str+7} (You
                  | found it on level 7 of a ziggurat)
 53494 | Zig:7    | Identified the ring of Yriut {Int+4 Dex+3} (You found it on
                  | level 7 of a ziggurat)
 53499 | Zig:7    | Identified the ring "Nikaetao" {*Tele rF+} (You found it on
                  | level 7 of a ziggurat)
 53510 | Zig:8    | Entered Level 8 of a ziggurat
 53549 | Zig:8    | Reached skill level 15 in Invocations
 53598 | Zig:8    | Reached XP level 26. HP: 112/181 MP: 34/34
 53657 | Zig:8    | Got smoking ice dragon scales
 53668 | Zig:8    | Identified the cursed +0 ice dragon scales "Homutt" {rPois
                  | rF- rC++ MR+++ Str-5 Dex-4} (You found it on level 8 of a
                  | ziggurat)
 53683 | Zig:8    | Learned a level 2 spell: Swiftness
 53687 | Zig:9    | Entered Level 9 of a ziggurat
 53707 | Zig:9    | Received a gift from Okawaru
 53717 | Zig:9    | Reached skill level 1 in Air Magic
 53773 | Zig:9    | Got a glittering wooden ring
 53849 | Zig:10   | Entered Level 10 of a ziggurat
 53877 | Zig:11   | Entered Level 11 of a ziggurat
 53913 | Zig:12   | Entered Level 12 of a ziggurat
 54321 | Zig:12   | Identified the Grimoire of Translocation
 54342 | Zig:13   | Entered Level 13 of a ziggurat
 54352 | Zig:13   | Noticed Tedysuel the pandemonium lord
 54374 | Zig:13   | Reached skill level 23 in Fighting
 54378 | Zig:13   | Killed Tedysuel the pandemonium lord
 54422 | Zig:13   | Reached skill level 5 in Air Magic
 54740 | Zig:13   | Identified the ring "Weamih" {rC+ MP-9 Slay+5} (You found
                  | it on level 13 of a ziggurat)
 54753 | Zig:13   | Identified the +0 pair of gloves of the Doldrums {rC+
                  | Stlth+} (You found it on level 13 of a ziggurat)
 54755 | Zig:13   | Identified the ring of Qemuxzao {rC+ Str+2 Slay+5} (You
                  | found it on level 9 of a ziggurat)
 54937 | Depths:5 | Found a gate to the Realm of Zot.
 55113 | Depths:5 | Received a gift from Okawaru
 55113 | Depths:5 | Reached XP level 27. HP: 188/188 MP: 34/34
 55120 | Depths:5 | Killed kal9871's ghost
 55444 | Vaults:4 | Got a pair of translucent gloves
 55455 | Vaults:4 | Identified the +0 pair of gloves of Entitlement {*Corrode
                  | Dex+4 Slay+5 SInv} (You acquired it on level 4 of the
                  | Vaults)
 55459 | Vaults:5 | Entered Level 5 of the Vaults
 55470 | Vaults:5 | Received a gift from Okawaru
 55477 | Vaults:5 | Noticed an ancient lich
 55489 | Vaults:5 | Killed an ancient lich
 55518 | Vaults:5 | Received a gift from Okawaru
 55889 | Vaults:4 | Learned a level 3 spell: Regeneration
 56025 | Vaults:5 | Received a gift from Okawaru
 56031 | Vaults:5 | Reached skill level 1 in Necromancy
 56213 | Vaults:5 | Noticed an ancient lich
 56220 | Vaults:5 | Killed an ancient lich
 56266 | Vaults:5 | Found the +8 arc blade {discharge, rElec}
 56293 | Vaults:5 | Identified the +1 hat of Starshine {rN+ Str+4 SInv} (You
                  | found it on level 5 of the Vaults)
 56353 | Vaults:5 | Received a gift from Okawaru
 56356 | Vaults:5 | Got a spiked shield {god gift}
 56367 | Vaults:5 | Identified the +3 shield of Distant Shores {Stlth+}
                  | (Okawaru gifted it to you on level 5 of the Vaults)
 56444 | Vaults:5 | Cast into level 3 of the Abyss (a lich)
 56457 | Abyss:3  | Found a corrupted altar of Lugonu.
 57014 | Vaults:5 | Escaped the Abyss
 57023 | Vaults:5 | Identified the cursed +2 spear of the Throat {flame, Str-3
                  | Dex+7}
 57310 | Vaults:5 | Got a silver rune of Zot
 58162 | Crypt:1  | Entered Level 1 of the Crypt
 58203 | Crypt:1  | Reached skill level 5 in Necromancy
 58215 | Crypt:1  | Reached skill level 24 in Fighting
 58281 | Crypt:1  | Received a gift from Okawaru
 58439 | Crypt:1  | Received a gift from Okawaru
 59007 | Crypt:2  | Noticed Boris
 59028 | Crypt:2  | Killed Boris
 59078 | Crypt:2  | Paralysed by a vampire knight for 5 turns
 59134 | Crypt:2  | Received a gift from Okawaru
 59491 | Crypt:2  | Learned a level 2 spell: Blink
 59561 | Crypt:2  | Reached skill level 1 in Translocations
 59849 | Crypt:3  | Entered Level 3 of the Crypt
 59866 | Crypt:3  | Received a gift from Okawaru
 59972 | Crypt:3  | Received a gift from Okawaru
 59994 | Crypt:3  | Identified the +4 mace "Uqen" {flame, rF+} (Okawaru gifted
                  | it to you on level 3 of the Crypt)
 60108 | Crypt:3  | Found the cursed +14 obsidian axe {chop, +Fly SInv *Curse}
 60133 | Crypt:3  | Identified the ring of the Salmon {rF+ rN+ Int+4 Dex+3}
 60133 | Crypt:3  | Noticed Boris
 60144 | Crypt:3  | Killed Boris
 60289 | Crypt:3  | Noticed an ancient lich
 60300 | Crypt:3  | Killed an ancient lich
 60300 | Crypt:3  | Reached skill level 5 in Translocations
 60314 | Crypt:3  | Noticed an ancient lich
 60319 | Crypt:3  | Cast into level 5 of the Abyss (an ancient lich)
 60319 | Abyss:5  | Entered Level 5 of the Abyss
 60319 | Abyss:5  | Entered Level 5 of the Abyss
 60390 | Abyss:5  | Gained mutation: Your magical capacity is low. (-10% MP) [a
                  | cacodemon]
 60470 | Abyss:5  | Gained mutation: Your body sometimes deteriorates upon
                  | taking damage. [a shining eye]
 60472 | Abyss:5  | Noticed an ancient lich
 60475 | Abyss:5  | Received a gift from Okawaru
 60485 | Abyss:5  | Lost mutation: You possess an exceptional clarity of mind.
                  | [a neqoxec]
 60486 | Abyss:5  | Gained mutation: Your spells are a little easier to cast,
                  | but a little less powerful. [a neqoxec]
 60502 | Abyss:5  | Killed an ancient lich
 60506 | Abyss:5  | Paralysed by accursed screaming for 1 turns
 60506 | Abyss:5  | Gained mutation: You possess an exceptional clarity of
                  | mind. [a neqoxec]
 60620 | Crypt:3  | Escaped the Abyss
 60629 | Crypt:3  | Killed an ancient lich
 60638 | Crypt:3  | Identified the amulet "Hiex Ane" {MR+ Regen+ Str+2} (You
                  | found it on level 3 of the Crypt)
 60639 | Crypt:3  | Identified the ring of Xom's Ringing Laughter {rN+ Dex+3}
                  | (You found it on level 3 of the Crypt)
 60643 | Crypt:3  | Got a pair of pitted gloves
 60650 | Crypt:3  | Got a brightly glowing bronze amulet
 60653 | Crypt:3  | Got a scintillating glass ring
 60923 | Crypt:3  | Found a staircase to the Tomb.
 61074 | Tomb:1   | Entered Level 1 of the Tomb of the Ancients
 61185 | Tomb:1   | Paralysed by a sphinx for 3 turns
 61344 | Tomb:1   | Identified the +0 pair of gloves of the Thunderstorm {MR+
                  | Int+2} (You found it on level 3 of the Crypt)
 61373 | Tomb:1   | Noticed a greater mummy
 61401 | Tomb:1   | Killed a greater mummy
 61654 | Tomb:1   | Noticed a greater mummy
 61664 | Tomb:1   | Killed a greater mummy
 61713 | Tomb:1   | Reached skill level 10 in Charms
 61970 | Tomb:1   | Noticed a greater mummy
 61971 | Tomb:1   | Noticed a greater mummy
 61971 | Tomb:1   | Noticed a greater mummy
 61975 | Tomb:1   | Noticed a greater mummy
 61991 | Tomb:1   | Killed a greater mummy
 61991 | Tomb:1   | Received a gift from Okawaru
 61992 | Tomb:1   | Noticed a greater mummy
 61994 | Tomb:1   | Noticed a greater mummy
 61996 | Tomb:1   | Noticed a greater mummy
 61997 | Tomb:1   | Killed a greater mummy
 61997 | Tomb:1   | Received a gift from Okawaru
 62003 | Tomb:1   | Received a gift from Okawaru
 62012 | Tomb:1   | Noticed a greater mummy
 62018 | Tomb:1   | Noticed a greater mummy
 62019 | Tomb:1   | Killed a greater mummy
 62023 | Tomb:1   | HP: 7/190 [greater mummy/divine providence (10)]
 62024 | Tomb:1   | Noticed a greater mummy
 62024 | Tomb:1   | Killed from afar by a greater mummy

Levels and vault maps discovered:
D:1:      lemuel_arrival_tunnels, layout_basic, feat_on_display
D:2:      layout_loops_ring, overflow_temple_1_default, lemuel_crystal_altar,
          serial_forest, infiniplex_forest_lined_room_2,
          infiniplex_forest_clump_double, infiniplex_forest_lined_3,
          infiniplex_forest_clump_small, infiniplex_forest_clump_diagonal,
          infiniplex_forest_fountain, infiniplex_forest_straight_2,
          infiniplex_forest_zigzag_1, infiniplex_forest_3_way,
          infiniplex_forest_zigzag_1
D:3:      layout_rooms, lemuel_zombie_altar_kikubaaqudgha, demons_altar,
          gammafunk_ghost_icy, first_ration, nicolae_dithmenos_shadow_blocks
D:4:      layout_cave_pools, kennysheep_little_box,
          nicolae_qazlal_general_emergency
D:5:      kennysheep_six_static_rooms, layout_basic, serial_shops, shop,
          serial_glass, glass_columns_a, glass_columns_c,
          nicolae_ossuary_entry_giza, uniq_duvessa, uniq_edmund
D:6:      layout_cave_pods, nicolae_overflow_crystal_walls, uniq_grinder
D:7:      layout_cave_pools, nemelex_xobeh_ov_fountains_minmay,
          minmay_temple_entry_statues
D:8:      layout_loops_ring, grunt_temple_overflow_gold_and_silver,
          okawaru_ov_weapons_minmay, slow_altar_1
D:9:      layout_cave_pools, overflow_temple_1_default, david_orc_3,
          serial_shops, shop, grunt_pizzeria, corner_web_ring
D:10:     layout_cave_pools, serial_ice, serial_ice_k, serial_ice_h,
          serial_ice_f, serial_ice_b, serial_ice_e, serial_ice_d,
          kennysheep_generic_room_7
D:11:     layout_gridville, erik_lair_dragon, enter_bailey_1, uniq_erolcha,
          uniq_psyche
D:12:     layout_loops_ring, minmay_misc_feat_columns, uniq_snorg,
          uniq_nergalle, uniq_sonja
D:13:     layout_irregular_city, serial_shops, nicolae_shop_crystal, hex_medium
D:14:     hangedman_cross_stitches, layout_stronghold, david_vaults_1,
          serial_shops, nicolae_shop_stone, chequers_serial_rivers_room_a
D:15:     hangedman_depths_entry_try_elsewhere_first, layout_basic
Lair:1:   layout_misc_corridors, uniq_joseph, uniq_fannar
Lair:2:   layout_small_grid, elwin_shoals_entry_rooms, dummy_snake_entry,
          portal_ice_cave_entry_ice_beasts, minmay_lair_oklob_chamber,
          infiniplex_staircase_pool_2, grunt_megastairs_2
Lair:3:   layout_cave_pods, grunt_megastairs_4, serial_bayou_shore_a
Lair:4:   layout_hall_layers, basic_altar, cheibrodos_lair_lostbears,
          grunt_megastairs_3
Lair:5:   layout_gridlike, nicolae_slime_entry_slimehenge
Lair:6:   gammafunk_lair_ancient_temple, layout_loops_ring,
          ebering_ghost_funeral_grove, wad_woods_03
Shoals:1: layout_shoals, nicolae_shoals_flooded_hall
Shoals:2: layout_shoals
Shoals:3: layout_shoals
Shoals:4: shoals_end_hangedman, layout_shoals, uniq_polyphemus
Snake:1:  layout_misc_corridors
Snake:2:  layout_misc_corridors, grunt_ministairs_12
Snake:3:  layout_misc_corridors, ebering_ghost_gozag
Snake:4:  snake_pit, layout_cave_town, minmay_shoptagon, uniq_aizul
Orc:1:    layout_caves, uniq_gastronok
Orc:2:    grunt_orc_gardens, layout_caves, grunt_orc_garden, grunt_orc_garden,
          grunt_orc_garden, grunt_orc_garden, mines4_lemuel
Elf:1:    eino_elf_arrival_sip, layout_onion_city, minmay_elf_annihilation,
          dk_noncrumbling_3, serial_sigils_hangedman_scratch, uniq_nikola,
          uniq_kirke
Elf:2:    layout_geoelf_octagon, chequers_big_river, uniq_azrael
Elf:3:    elf_hall_gauntlet_narrow, layout_loops_corners
Vaults:1: hangedman_vaults_restitches, ontoclasm_vaults_ring_square, v_misc_15,
          nicolae_vaults_network_s, v_pattern_2,
          nicolae_vaults_yaktaur_gun_rack, vaults_room_door_hall,
          grunt_vaults_funnel, ontoclasm_vaults_gateway,
          layout_vaults_quadrants, uniq_asterion
Vaults:2: v_rooms_6, hangedman_vaults_snaps, minmay_crypt_entry_necro_gods,
          ontoclasm_vaults_ring_large, hangedman_vaults_pinch, v_rooms_1,
          hangedman_vaults_variations, vaults_room_door_ring,
          ontoclasm_vaults_chip, nicolae_vaults_shelves_hall,
          layout_vaults_chaotic_city
Vaults:3: v_misc_27, nicolae_vaults_little_squares_5, hangedman_vaults_slice,
          ontoclasm_vaults_shout, v_misc_24, hangedman_vaults_river_flow,
          nicolae_vaults_three_branches, nicolae_vaults_circle_grid_b, v_misc_3,
          v_rooms_4, vaults_dpeg_hooks, ontoclasm_vaults_fault,
          nicolae_vaults_shelves_hall, ontoclasm_vaults_pinch,
          ontoclasm_vaults_ligature, nicolae_vaults_shelves_hall,
          grunt_vaults_focal, layout_vaults_maze
Vaults:4: nicolae_vaults_windows_and_doors_thing,
          ontoclasm_vaults_loading_screen, hangedman_vaults_nodes,
          nicolae_vaults_hallways_thing, v_misc_33,
          vaults_mumra_minichess_inversion, v_misc_30, v_misc_1,
          vaults_room_stairs_pillars, ontoclasm_vaults_twist,
          layout_vaults_omnicross, serial_shops, shop, shop_statue, shop, shop,
          shop
Vaults:5: serial_shops
Crypt:1:  layout_rooms, grunt_ministairs_1
Crypt:2:  minmay_shadows, layout_regular_city, minivault_19, minivault_25,
          nrook_guardian_serpent_ordinary, uniq_boris
Crypt:3:  david_glass_crypt, layout_rooms
Tomb:1
Depths:1: layout_big_octagon, minmay_misc_feat_rugged, abyss_entry, hellmouth_3,
          gammafunk_ghost_berserking_beasts, grunt_ministairs_3,
          hangedman_decor_diamond_cutter, minmay_stone_trees_small,
          nrook_mini_vaults, chequers_serial_rivers_micro_b,
          chequers_serial_rivers_room_b, kennysheep_minor_cross
Depths:2: minmay_crescents, layout_gridlike, hangedman_decor_points, hell_entry,
          serial_sigils, serial_sigils_hangedman_stare,
          serial_sigils_hangedman_snap, serial_sigils_hangedman_snap,
          serial_sigils_hangedman_gut, serial_sigils_hangedman_confine,
          grunt_pan_entry_zigzag, abyss_entry_small_statue_room,
          minmay_misc_feat_enclosed, kennysheep_generic_room_4
Depths:3: minmay_mutant_horseshoe, layout_basic, rand_demon_pan_entry_8,
          hell_entry, minmay_starry_boxes
Depths:4: grunt_twist_and_shout, layout_gridlike, hangedman_coc_ice_floe,
          abyss_entry, chequers_serial_rivers_micro_b,
          serial_sigils_hangedman_writhe, guppyfry_shop_blood
Depths:5: grunt_zot_entry_bicorn, layout_cave_pools, enter_ziggurat_f,
          hellmouth_1, ebering_ghost_inner_flame, feat_on_display
Abyss:3:  lemuel_firewalk_3, hangedman_abyss_or_decor_jellyfish_corner,
          hangedman_decor_lopped
Abyss:5:  evilmike_abyss_exit_4, nicolae_abyss_rune_star_stuff, abyss_exit_lava,
          hangedman_decor_riveting, guppyfry_abyss_exit_glass_guarded
Zig:1
Zig:2
Zig:3
Zig:4
Zig:5
Zig:6:    ziggurat_pillar_abc, ziggurat_pillar_abc, ziggurat_pillar_abc,
          ziggurat_pillar_abc
Zig:7
Zig:8
Zig:9
Zig:10:   ziggurat_pillar_abc, ziggurat_pillar_abc, ziggurat_pillar_abc,
          ziggurat_pillar_abc
Zig:11
Zig:12:   ziggurat_pillar_abc, ziggurat_pillar_abc, ziggurat_pillar_abc,
          ziggurat_pillar_abc
Zig:13
Ossuary:  ossuary_minmay_scorpions
Bailey:   bailey_polearm_flooded_kennysheep, bailey
IceCv:    ice_cave_caverns_01

Skill      XL: |  1  2  3  4  5  6  7  8  9 10 11 12 13 14 15 16 17 18 19 20 21 22 23 24 25 26 27 |
---------------+----------------------------------------------------------------------------------+-----
Fighting       | 4 5 6 7 8 9 10 13 16 19 21 22 23 24 | 24.2
Maces & Flails | 3 4 5 6 7 8 9 11 13 16 18 19 20 | 20.7
Armour         | 4 5 7 8 11 12 13 14 16 | 16.0
Shields        | 4 5 7 8 11 13 15 | 15.4
Dodging        | 2 4 5 8 11 16 17 20 | 20.4
Invocations    | 3 7 10 12 13 14 15 19 | 19.4
Evocations     | 3 8 |  8.3
Stealth        | 5 |  5.8
Throwing       | 4 9 10 14 15 | 15.3
Charms         | 6 8 10 | 10.6
Air Magic      | 5 |  5.0
Necromancy     | 8 |  8.9
Translocations | 7 |  7.7

Action                   |  1- 3 |  4- 6 |  7- 9 | 10-12 | 13-15 | 16-18 | 19-21 | 22-24 | 25-27 || total
-------------------------+-------+-------+-------+-------+-------+-------+-------+-------+-------++-------
Melee: Flail             |   130 |   189 |   537 |  1368 |   362 |     8 |       |       |       ||  2594
       Demon whip        |       |       |       |    70 |  1111 |  1548 |  1702 |  1647 |  1938 ||  8016
       Eveningstar       |       |       |       |       |       |       |       |       |    73 ||    73
Throw: Javelin           |       |       |       |       |       |       |       |     4 |    12 ||    16
 Cast: Song of Slaying   |       |       |       |       |       |       |       |     1 |     9 ||    10
       Blink             |       |       |       |       |       |       |       |       |     1 ||     1
       Regeneration      |       |       |       |       |       |       |       |       |     1 ||     1
Invok: Heroism           |       |       |       |     1 |     5 |     2 |     4 |     5 |    11 ||    28
       Finesse           |       |       |       |       |     2 |       |     3 |     3 |     6 ||    14
 Abil: Evoke Flight      |       |       |       |     4 |       |       |       |       |       ||     4
       Fly               |       |       |       |       |     1 |     1 |       |     4 |       ||     6
       Stop Flying       |       |       |       |       |     1 |     1 |       |     4 |       ||     6
       Evoke Blink       |       |       |       |       |       |     3 |     3 |       |       ||     6
       Evoke Invisibilit |       |       |       |       |       |     2 |     1 |       |       ||     3
Evoke: Wand              |       |     6 |     6 |    13 |     9 |       |     2 |    26 |    19 ||    81
  Use: Scroll            |     5 |     2 |    12 |    15 |    13 |    11 |    11 |    19 |    42 ||   130
       Potion            |       |     4 |       |     2 |       |       |     2 |     3 |    22 ||    33
 Stab: Invisible         |       |       |       |       |       |     6 |     1 |       |       ||     7
       Sleeping          |       |       |       |       |       |    14 |     9 |     2 |     2 ||    27
       Distracted        |       |       |       |       |       |     2 |     4 |     3 |     4 ||    13
       Petrified         |       |       |       |       |       |     6 |       |       |       ||     6
  Eat: Chunk             |       |     4 |     3 |    21 |    18 |    11 |    14 |    14 |     1 ||    86
       Ration            |       |     1 |     2 |     4 |     4 |     4 |     5 |     6 |    10 ||    36
Armor: Scale mail        |    77 |   102 |   183 |       |       |       |       |       |       ||   362
       Skin              |       |    44 |       |       |       |       |       |       |       ||    44
       Chain mail        |       |       |       |   720 |   193 |       |    89 |    17 |       ||  1019
       Ring mail         |       |       |       |       |   157 |   268 |   227 |       |       ||   652
       Fire dragon scale |       |       |       |       |       |       |       |   311 |   324 ||   635
Dodge: Dodged            |    49 |    56 |   280 |  1054 |   674 |   549 |   781 |   764 |  1074 ||  5281
Block: Shield            |    66 |   115 |   275 |  1049 |   922 |   842 |   968 |  1096 |   425 ||  5758
       Reflection        |       |       |       |       |       |       |    17 |    79 |    57 ||   153
       Large shield      |       |       |       |       |       |       |       |       |  1632 ||  1632

Table legend:
 A = Non-vault XP
 B = Vault XP
 C = Vault XP percentage of total XP
 D = Non-vault monster count
 E = Vault monster count
 F = Vault count percentage of total count
                 A         B        C        D         E       F
            +---------+---------+-------+---------+---------+-------
      Total |  878473 |  711817 |  44.8 |    1664 |     903 |  35.2
            +---------+---------+-------+---------+---------+-------
        D:1 |      30 |       0 |   0.0 |      15 |       0 |   0.0
        D:2 |      95 |       0 |   0.0 |      28 |       0 |   0.0
        D:3 |     180 |     268 |  59.8 |      28 |      11 |  28.2
        D:4 |     360 |       0 |   0.0 |      14 |       0 |   0.0
        D:5 |     678 |     708 |  51.1 |      22 |      12 |  35.3
        D:6 |    1016 |     272 |  21.1 |      26 |       1 |   3.7
        D:7 |    1564 |       0 |   0.0 |      22 |       0 |   0.0
        D:8 |    2487 |      18 |   0.7 |      24 |       1 |   4.0
        D:9 |    4775 |     655 |  12.1 |      36 |       8 |  18.2
       D:10 |    2287 |    1344 |  37.0 |      49 |      11 |  18.3
       D:11 |    1323 |    2734 |  67.4 |      17 |       7 |  29.2
       D:12 |    4636 |    2795 |  37.6 |      28 |       3 |   9.7
       D:13 |    8785 |       0 |   0.0 |      23 |       0 |   0.0
       D:14 |    9175 |    7360 |  44.5 |      22 |      16 |  42.1
       D:15 |    9158 |    2605 |  22.1 |      27 |       4 |  12.9
     Lair:1 |    3341 |    1536 |  31.5 |      17 |       2 |  10.5
     Lair:2 |    6231 |    1435 |  18.7 |      27 |      10 |  27.0
     Lair:3 |    5491 |       0 |   0.0 |      19 |       0 |   0.0
     Lair:4 |    2182 |    1362 |  38.4 |       8 |       6 |  42.9
     Lair:5 |    3599 |     184 |   4.9 |      14 |       6 |  30.0
     Lair:6 |   13231 |   12154 |  47.9 |      51 |      33 |  39.3
   Shoals:1 |   13133 |    3211 |  19.6 |      23 |       8 |  25.8
   Shoals:2 |   15087 |       0 |   0.0 |      32 |       0 |   0.0
   Shoals:3 |   14303 |       0 |   0.0 |      31 |       0 |   0.0
   Shoals:4 |   22324 |   24687 |  52.5 |      41 |      36 |  46.8
    Snake:1 |   11517 |       0 |   0.0 |      24 |       0 |   0.0
    Snake:2 |   16262 |     812 |   4.8 |      27 |       2 |   6.9
    Snake:3 |   12597 |    7300 |  36.7 |      26 |       8 |  23.5
    Snake:4 |   20609 |   37155 |  64.3 |      39 |      48 |  55.2
      Orc:1 |    7565 |    5109 |  40.3 |      34 |       9 |  20.9
      Orc:2 |    1965 |    9769 |  83.3 |      27 |      24 |  47.1
      Elf:1 |   12763 |   12207 |  48.9 |      22 |      14 |  38.9
      Elf:2 |   12546 |   27945 |  69.0 |      22 |      39 |  63.9
      Elf:3 |   20842 |   46146 |  68.9 |      35 |      32 |  47.8
   Vaults:1 |    9465 |   16163 |  63.1 |      20 |      24 |  54.5
   Vaults:2 |   37540 |   19662 |  34.4 |      51 |      32 |  38.6
   Vaults:3 |   34804 |   25795 |  42.6 |      52 |      41 |  44.1
   Vaults:4 |   41518 |   33530 |  44.7 |      65 |      51 |  44.0
   Vaults:5 |   25643 |  148904 |  85.3 |      43 |      95 |  68.8
    Crypt:1 |   47384 |    4848 |   9.3 |      53 |       6 |  10.2
    Crypt:2 |   28644 |   16592 |  36.7 |      40 |      28 |  41.2
    Crypt:3 |   36736 |   40227 |  52.3 |      39 |      15 |  27.8
     Tomb:1 |   10949 |   69272 |  86.4 |      24 |      44 |  64.7
   Depths:1 |   38367 |   25756 |  40.2 |      52 |      33 |  38.8
   Depths:2 |   23968 |   21916 |  47.8 |      31 |      14 |  31.1
   Depths:3 |   31385 |   13308 |  29.8 |      33 |      16 |  32.7
   Depths:4 |   27318 |    9738 |  26.3 |      26 |       9 |  25.7
   Depths:5 |   62271 |   30141 |  32.6 |      45 |      21 |  31.8
    Abyss:3 |   17614 |       0 |   0.0 |      28 |       0 |   0.0
    Abyss:5 |   18839 |    9562 |  33.7 |      41 |       1 |   2.4
      Zig:1 |    4156 |       0 |   0.0 |      10 |       0 |   0.0
      Zig:2 |    5150 |       0 |   0.0 |       2 |       0 |   0.0
      Zig:3 |    1604 |       0 |   0.0 |       6 |       0 |   0.0
      Zig:4 |    3093 |       0 |   0.0 |       8 |       0 |   0.0
      Zig:5 |    8701 |       0 |   0.0 |       5 |       0 |   0.0
      Zig:6 |    8806 |       0 |   0.0 |       6 |       0 |   0.0
      Zig:7 |    9930 |       0 |   0.0 |       9 |       0 |   0.0
      Zig:8 |   12341 |       0 |   0.0 |      12 |       0 |   0.0
      Zig:9 |    9625 |       0 |   0.0 |      15 |       0 |   0.0
     Zig:10 |    4885 |       0 |   0.0 |       4 |       0 |   0.0
     Zig:11 |     912 |       0 |   0.0 |       4 |       0 |   0.0
     Zig:12 |   16384 |       0 |   0.0 |      21 |       0 |   0.0
     Zig:13 |   38304 |       0 |   0.0 |      19 |       0 |   0.0
    Ossuary |       0 |     873 | 100.0 |       0 |      29 | 100.0
     Bailey |       0 |    2167 | 100.0 |       0 |      37 | 100.0
      IceCv |       0 |   13592 | 100.0 |       0 |      56 | 100.0
            +---------+---------+-------+---------+---------+-------
